 Dungeon Crawl Stone Soup version 0.26-a0-146-g24f6d3962c (webtiles) character file.

Game seed: 3194218606492139998

53 MarredHen the Bolt Thrower (level 4, -2/27 HPs)
             Began as a Kobold Hunter on June 29, 2020.
             Killed by nerve-wracking pain
             ... invoked by an orc priest
              (7 damage)
             ... on level 3 of the Dungeon.
             The game lasted 00:04:49 (1526 turns).

MarredHen the Bolt Thrower (Kobold Hunter)          Turns: 1526, Time: 00:04:49

Health: -2/27      AC:  4    Str:  9    XL:     4   Next: 11%
Magic:  4/4        EV: 15    Int: 12    God:
Gold:   76         SH:  0    Dex: 16    Spells: 3/3 levels left

rFire    . . .     SeeInvis .   b - +0 short sword
rCold    . . .     Faith    .   (shield restricted)
rNeg     . . .     Spirit   .   c - +0 leather armour
rPois    .         Reflect  .   i - +1 hat
rElec    .         Harm     +   g - scarf {harm}
rCorr    .                      (no gloves)
MR       .....                  (no boots)
Stlth    ++........             (no amulet)
HPRegen  0.09/turn              (no ring)
MPRegen  0.09/turn              (no ring)

@: no status effects
A: small, carnivore
a: no special abilities


You were on level 3 of the Dungeon.
You were not hungry.

You visited 1 branch of the dungeon, and saw 3 of its levels.

You collected 76 gold pieces.

Inventory:

Hand Weapons
 a - a +1 hand crossbow
 b - a +0 short sword (weapon)
Armour
 c - a +0 leather armour (worn)
 g - a scarf of harm (worn)
 i - a +1 hat (worn)
 l - a +0 pair of gloves
Scrolls
 j - 2 scrolls of identify
 k - a scroll of immolation
Potions
 d - a potion of heal wounds {unknown}
 e - a potion of haste {unknown}
 h - 2 potions of curing {unknown}
Comestibles
 f - 7 rations


   Skills:
 + Level 2.8 Fighting
 + Level 5.9 Crossbows
 + Level 0.3 Armour
 + Level 2.7 Dodging
 + Level 1.5 Stealth


You had 3 spell levels left.
You didn't know any spells.
Your spell library was empty.

Dungeon Overview and Level Annotations

Branches:
Dungeon (3/15)

Altars:
Elyvilon


Innate Abilities, Weirdness & Mutations

You are small and have problems with some larger weapons.
You are carnivorous and can eat meat at any time.


Message History

You closely miss the orc priest.
The orc priest is moderately wounded.
The orc hits you but does no damage. The orc priest misses you.
You hit the orc priest but do no damage.
The orc priest is moderately wounded.
The orc misses you. The orc priest hits you with a +0 mace.
You hit the orc priest but do no damage.
The orc priest is moderately wounded.
The orc hits you but does no damage.
The orc priest miscasts a cantrip.
You hit the orc priest but do no damage.
The orc priest is moderately wounded.
The orc barely misses you. The orc priest hits you with a +0 mace.
* * * LOW HITPOINT WARNING * * *
You closely miss the orc priest.
The orc priest is lightly wounded.
The orc barely misses you.
The orc priest invokes the aid of Beogh against you.
Pain shoots through your body!
You die...

........... #..
.....(...(. .(#
<#####.#.## #.#
#.#.# #.# #.#.#
#(# ..#####.#.#
#.# ..........# #
#o# ######.###
#.##@####.# #.#
#...o.....# #.#
####.###########.#
#.............#
###############


You could see an orc priest and an orc.

Vanquished Creatures
  An ooze (D:1)
  A dart slug (D:1)
  2 leopard geckos (D:2)
  3 orcs (D:3)
  2 giant cockroaches
  5 goblins
  3 hobgoblins (D:1)
  3 jackals (D:1)
  A ball python (D:2)
  2 bats
  3 frilled lizards
  8 kobolds
  10 rats
44 creatures vanquished.

Notes
Turn   | Place    | Note
-------+----------+-------------------------------------------
     0 | D:1      | MarredHen the Kobold Hunter began the quest for the Orb.
     0 | D:1      | Reached XP level 1. HP: 12/12 MP: 1/1
    20 | D:1      | Reached skill level 5 in Crossbows
    50 | D:1      | Reached XP level 2. HP: 18/18 MP: 2/2
   224 | D:1      | Reached XP level 3. HP: 22/22 MP: 3/3
  1402 | D:3      | Found a white marble altar of Elyvilon.
  1456 | D:3      | Reached XP level 4. HP: 27/27 MP: 4/4
  1526 | D:3      | Killed from afar by an orc priest

Illustrated notes

Levels and vault maps discovered:
D:1:      lemuel_arrival_cross, layout_basic, nrook_uturn, minivault_24,
          minmay_misc_feat_diagonals
D:2:      layout_loops_ring
D:3:      layout_loops_ring, lemuel_coloured_pillars_altar,
          nicolae_overflow_hidden_temple, overflow_temple_1_default,
          portal_sewer_entry_d

Skill      XL: |  1 |
---------------+----+-----
Crossbows      | 5 |  5.9
Fighting       | |  2.8
Armour         | |  0.3
Dodging        | |  2.7
Stealth        | |  1.5

Action                   |  1- 3 |  4- 6 || total
-------------------------+-------+-------++-------
Melee: Short sword       |       |    13 ||    13
 Fire: Hand crossbow     |    79 |     4 ||    83
  Use: Scroll            |     1 |       ||     1
  Eat: Chunk             |     5 |       ||     5
Armor: Leather armour    |     4 |     3 ||     7
Dodge: Dodged            |     8 |    15 ||    23

Table legend:
 A = Non-vault XP
 B = Vault XP
 C = Vault XP percentage of total XP
 D = Non-vault monster count
 E = Vault monster count
 F = Vault count percentage of total count
                 A         B        C        D         E       F
            +---------+---------+-------+---------+---------+-------
      Total |      77 |       0 |   0.0 |      44 |       0 |   0.0
            +---------+---------+-------+---------+---------+-------
        D:1 |      43 |       0 |   0.0 |      22 |       0 |   0.0
        D:2 |      18 |       0 |   0.0 |      12 |       0 |   0.0
        D:3 |      16 |       0 |   0.0 |      10 |       0 |   0.0
            +---------+---------+-------+---------+---------+-------
